AoeStats
← BORN

Northern Isles

510517067Analyzed
1v1 RM · 1d ago on Oct 1, 2026· 27m 42s· 2 players
Game mode
Random Map
Map size
Tiny (2 player)
Population
200
Speed
Normal
Resources
Standard
Victory
Conquest
Starting age
Dark Age
Ending age
Imperial Age
RankedLock teamsTeams togetherTeam positionsShared explorationLock speedFull tech treeHidden civsTurbo modeCheats
Victory
Defeat
🇪🇸 Vikings · Spain
1020
+15
🇫🇷 Bohemians · France
1000
-45
heuneuse
1:28 Loom
10:51 Feudal Age
14:39 Town Watch
17:38 Wheelbarrow
19:00 Forging
BORN
10:24 Feudal Age
12:35 Horse Collar
12:59 Fishing Lines
13:12 Double-Bit Axe
18:48 Castle Age
21:03 Stone Mining
21:03 Gold Mining
22:36 Loom
23:03 Fletching
24:13 Bodkin Arrow
25:35 Padded Archer Armor
27:15 Town Watch
Connection lost

Rejoining the realm…

Still unreachable

The connection could not be restored.

Session expired

The server has moved on; the page needs a fresh start.